 Dungeon Crawl Stone Soup version 0.20-a0-16-g0876c8e (webtiles) character file.

461 KristoblXynda the Insei (level 7, 0/43 HPs)
             Began as an Octopode Transmuter on Nov 3, 2016.
             Succumbed to a big kobold's poison
             ... on level 3 of the Dungeon.
             The game lasted 00:05:23 (2970 turns).

KristoblXynda the Insei (Octopode Transmuter)       Turns: 2970, Time: 00:05:24

Health: 0/43       AC:  1    Str:  9    XL:     7   Next: 7%
Magic:  10/10      EV: 13    Int: 19    God:
Gold:   155        SH:  0    Dex: 13    Spells: 1 memorised, 9 levels left

rFire  . . .     SeeInvis .       - Unarmed
rCold  . . .     Gourm    .     (no shield)
rNeg   . . .     Faith    .     (helmet restricted)
rPois  .         Spirit   .     (no amulet)
rElec  .         Reflect  .     j - +2 ring of intelligence
rCorr  .         Harm     .     (no ring)
MR     .....                    (no ring)
Stlth  ++........               (no ring)
                                (no ring)
                                (no ring)
                                (no ring)
                                (no ring)

@: lethally poisoned (0 -> -10), appendage (expiring)
A: almost no armour, stealthy swim, amphibious, 8 rings, constrict 8, tentacle
spike 3, camouflage 1, mutation resistance 1, gelatinous body 1
a: End Transformation


You were on level 3 of the Dungeon.
You were very full.
One of your tentacles had a temporary spike.
You visited 1 branch of the dungeon, and saw 3 of its levels.

You collected 155 gold pieces.

Inventory:

Jewellery
 a - an uncursed amulet of harm {unknown}
 j - a +2 ring of intelligence (left tentacle)
Scrolls
 e - 2 scrolls of remove curse {unknown}
 h - a scroll of recharging {unknown}
 k - a scroll of teleportation {unknown}
 n - a scroll of enchant armour {unknown}
 o - a scroll of amnesia {unknown}
Potions
 i - 2 potions of resistance
 l - a potion of brilliance
 m - a potion of cure mutation
Books
 b - a book of Changes

   Spells                             Type                      Level
   a - Beastly Appendage              Transmutation                1
   b - Sticks to Snakes               Transmutation                2
   c - Spider Form                    Transmutation/Poison         3
   d - Ice Form                       Ice/Transmutation            4
   e - Blade Hands                    Transmutation                5
Comestibles
 c - 3 bread rations


   Skills:
 - Level 1.0 Fighting
 - Level 2.0 Dodging
 * Level 6.4 Unarmed Combat
 - Level 2.0 Spellcasting
 + Level 4.6 Transmutations


You had 9 spell levels left.
You knew the following spells:

 Your Spells              Type           Power        Failure   Level  Hunger
a - Beastly Appendage     Tmut           ###...       2%          1    #......


Dungeon Overview and Level Annotations

Branches:
Dungeon (3/15)

Altars:
Dithmenos


Innate Abilities, Weirdness & Mutations

You cannot wear most types of armour.
You are very stealthy in the water. (Stealth+)
You are amphibious.
You can wear up to eight rings at the same time.
You can use your tentacles to constrict eight enemies at once.
Your skin changes colour to match your surroundings (Stealth+).
Your rubbery body absorbs attacks. (AC +1, EV +1)
One of your tentacles bears a large vicious spike.
You are somewhat resistant to further mutation.


Message History

* * * LOW HITPOINT WARNING * * *
You feel sick.
You continue eating.
* * * LOW HITPOINT WARNING * * *
You feel sick.
You finish eating.
That bread ration really hit the spot!
Unknown command.
* * * LOW HITPOINT WARNING * * *
You feel sick.
* * * LOW HITPOINT WARNING * * *
You feel sick.
Okay, then.
* * * LOW HITPOINT WARNING * * *
You feel sick.
* * * LOW HITPOINT WARNING * * *
You feel sick.
Unknown command.
There is a lethal amount of poison in your body!
There is a lethal amount of poison in your body!
You die...

#######........
#.......######.
######.........
##.#####.. ###
#.# #.# #)#
##.# #.# #≈<#
#.# #≈># #@#
#≈≈## ###)# ##
#≈≈≈# #...#
#..##≈≈≈# #.###
#KK#≈≈≈≈# #.#
#.g##≈≈≈# #)#
## #≈≈≈# #)#
##≈## #.#
#≈####.#


There were no monsters in sight!

Vanquished Creatures
  Grinder (D:3)
  A big kobold (D:3)
  An orc wizard (D:3)
  An orc priest (D:3)
  2 gnolls
  3 adders
  3 worms (D:2)
  3 dart slugs (D:1)
  A leopard gecko (D:1)
  4 orcs (D:3)
  2 ball pythons
  6 giant cockroaches
  9 goblins
  5 hobgoblins
  7 kobolds
  A quokka (D:2)
  5 bats
  7 frilled lizards
  8 rats
70 creatures vanquished.

Notes
Turn   | Place    | Note
-------+----------+-------------------------------------------
     0 | D:1      | KristoblXynda the Octopode Transmuter began the quest for the Orb.
     0 | D:1      | Reached XP level 1. HP: 13/13 MP: 3/3
    14 | D:1      | Reached XP level 2. HP: 9/18 MP: 5/5
   653 | D:1      | Reached XP level 3. HP: 23/23 MP: 6/6
  1025 | D:1      | Reached skill level 4 in Unarmed Combat
  1571 | D:2      | Found a shadowy altar of Dithmenos.
  1582 | D:2      | Reached XP level 4. HP: 17/28 MP: 7/7
  2170 | D:3      | Reached XP level 5. HP: 18/33 MP: 6/8
  2476 | D:3      | Noticed Grinder
  2489 | D:3      | Killed Grinder
  2489 | D:3      | Reached skill level 6 in Unarmed Combat
  2489 | D:3      | Reached XP level 6. HP: 29/38 MP: 9/9
  2543 | D:3      | Gained mutation: You are somewhat resistant to further mutation. [potion of mutation]
  2961 | D:3      | Reached XP level 7. HP: 14/43 MP: 10/10
  2968 | D:3      | HP: 2/43 [poisoned by a big kobold]
  2970 | D:3      | Succumbed to a big kobold's poison

Vault maps used:
D:1:      minmay_arrival_semitransparent
D:2:      minmay_diamond_boxcup, lemuel_round_altar, first_bread
D:3:      cheibrodos_thug_alley, uniq_jessica, uniq_grinder

Skill      XL: |  1  2  3  4  5 |
---------------+----------------+-----
Unarmed Combat | 4 6 |  6.4
Transmutations | 3 4 |  4.6
Fighting       | |  1.0
Dodging        | |  2.0
Spellcasting   | |  2.0

Action                   |  1- 3 |  4- 6 |  7- 9 || total
-------------------------+-------+-------+-------++-------
Melee: Unarmed           |    84 |    89 |       ||   173
       Constrict         |    27 |    23 |       ||    50
       Tentacles         |    11 |    14 |       ||    25
       Kick              |     1 |     7 |       ||     8
       Punch             |       |     1 |       ||     1
 Cast: Beastly Appendage |     1 |     4 |       ||     5
  Use: Potion            |       |     3 |       ||     3
       Scroll            |       |     6 |       ||     6
 Stab: Sleeping          |     5 |     4 |       ||     9
  Eat: Chunk             |     2 |     2 |       ||     4
       Meat ration       |       |     1 |       ||     1
       Bread ration      |       |       |     1 ||     1
Armor: Skin              |     6 |     2 |       ||     8
Dodge: Dodged            |    43 |    52 |       ||    95
